 Dungeon Crawl Stone Soup version 0.29.1-1-gd02db6906a (webtiles) character file.

Game seed: 6406286801914836941

130 tardwrangler69 the Digger (level 5, 0/31 HPs)
             Began as an Octopode Earth Elementalist on Oct 4, 2022.
             Slain by a ball python (3 damage)
             ... on level 3 of the Dungeon.
             The game lasted 00:01:44 (1860 turns).

tardwrangler69 the Digger (OpEE)                    Turns: 1860, Time: 00:01:45

Health: 0/31       AC:  1    Str: 13    XL:     5   Next: 13%
Magic:  9/10       EV: 13    Int: 19    God:
Gold:   89         SH:  0    Dex: 13    Spells: 10/11 levels left

rFire   . . .      SeeInvis .   (no weapon)
rCold   . . .      Faith    .   (no shield)
rNeg    . . .      Spirit   .   (helmet restricted)
rPois   .          Reflect  .   (no amulet)
rElec   .          Harm     .   b - +6 ring of strength
rCorr   .          Rampage  .   d - ring of willpower
Will    +....                   (no ring)
Stlth   +++.......              (no ring)
HPRegen 0.10/turn               (no ring)
MPRegen 0.12/turn               (no ring)
                                (no ring)
                                (no ring)

@: no status effects
A: almost no armour, amphibious, 8 rings, camouflage 1, gelatinous body 1,
(nimble swimmer 1), tentacles
a: no special abilities


You were on level 3 of the Dungeon.
You visited 1 branch of the dungeon, and saw 3 of its levels.

You collected 89 gold pieces.

Inventory:

Jewellery
 b - a +6 ring of strength (left tentacle)
 d - a ring of willpower (right tentacle)
Scrolls
 c - 3 scrolls of identify {unknown}
 e - a scroll of fog {unknown}
 f - a scroll of enchant armour {unknown}
 i - a scroll of poison {unknown}
 j - a scroll of teleportation {unknown}
 k - a scroll of immolation {unknown}
Potions
 a - a potion of magic
 g - a potion of resistance {unknown}
 h - a potion of curing {unknown}


   Skills:
 - Level 2.0 Dodging
 - Level 2.6 Stealth
 + Level 3.6 Spellcasting
 - Level 1.0 Transmutations
 + Level 4.5 Earth Magic


You had 10 spell levels left.
You knew the following spells:

 Your Spells              Type           Power      Damage    Failure   Level
a - Sandblast             Erth           40%        2d10      2%          1

Your spell library contained the following spells:

 Spells                   Type           Power      Damage    Failure   Level
 Passwall                 Tmut/Erth      10%        N/A       7%          2
 Stone Arrow              Conj/Erth      24%        3d8       17%         3
 Petrify                  Tmut/Erth      13%        N/A       41%         4


Dungeon Overview and Level Annotations

Branches:
Dungeon (3/15)

Altars:


Innate Abilities, Weirdness & Mutations

You cannot wear most types of armour.
You are amphibious.
You can wear up to eight rings at the same time.
Your skin changes colour to match your surroundings (Stealth+).
Your rubbery body absorbs attacks. (AC +1, EV +1)
((You are camouflaged when in or above water. (Stealth+)))
You have tentacles for arms and can constrict up to eight enemies at once.


Message History

Aim: a hobgoblin (83% to hit)
The blast of sand hits the hobgoblin!
You kill the hobgoblin!
A goblin comes into view. It is wielding a +0 club.
Casting: Sandblast (safe; 2% risk of failure)
Confirm with . or Enter, or press ? or * to list all spells.
Aiming: Sandblast (safe; 2% risk of failure)
Press: ? - help, Shift-Dir - straight line, f - goblin
Aim: a goblin, wielding a +0 club (79% to hit)
The blast of sand hits the goblin.
You kill the goblin!
The ball python misses you. The ball python grabs you.
You stop ascending the stairs.
The ball python constricts you.
The ogre hits you with a +0 giant club!!
Ouch! That really hurt!
The endoplasm freezes you.
You are frozen.
Unknown command.
You escape the ball python's grasp.
The endoplasm attacks as you move away! The endoplasm barely misses you.
Found 5 gold pieces and 8 stones.
The endoplasm attacks as you move away! The endoplasm hits you.
* * * LOW HITPOINT WARNING * * *
The ball python completely misses you. The ball python closely misses you.
The ball python attacks as you move away!
The ball python closely misses you. The ball python barely misses you.
There is a stone staircase leading down here.
Things that are here:
a +0 club; a goblin corpse The ball python bites you.
* * * LOW HITPOINT WARNING * * *
The ball python misses you.
The ball python attacks as you move away!
The ball python barely misses you.
A frilled lizard and a rat come into view.
The ball python attacks as you move away!
The ball python bites you.
* * * LOW HITPOINT WARNING * * *
The ball python barely misses you. The ball python bites you.
You die...

#..# #.. ..r.l
... .... #.#
#..# #.# #...
#.#
#...###.######.
#..............
#.....#S######
#...#J#@#
...##...#.# #.
##O##.###
#......#
#.####..#.#.###
#......<.......
#.###...#.#..##
...........$
###.#.#..#.#.


You could see a ball python.

Vanquished Creatures
  4 gnolls (D:2)
  4 adders (D:2)
  2 dart slugs
  3 bats
  3 endoplasms (D:1)
  2 giant cockroaches (D:1)
  4 goblins
  7 hobgoblins
  3 jackals (D:1)
  A quokka (D:1)
  5 ball pythons
  2 frilled lizards (D:2)
  4 kobolds
  9 rats
53 creatures vanquished.

Notes
Turn   | Place    | Note
-------+----------+-------------------------------------------
     0 | D:1      | tardwrangler69 the Octopode Earth Elementalist began the
                  | quest for the Orb.
     0 | D:1      | Reached XP level 1. HP: 11/11 MP: 3/3
   118 | D:1      | Reached XP level 2. HP: 8/17 MP: 1/5
   618 | D:1      | Reached XP level 3. HP: 21/21 MP: 4/6
   789 | D:1      | Found a faded altar of an unknown god.
   789 | D:1      | Noticed a sixfirhy
  1243 | D:2      | Reached skill level 4 in Earth Magic
  1243 | D:2      | Reached XP level 4. HP: 27/27 MP: 3/8
  1379 | D:2      | Reached XP level 5. HP: 21/31 MP: 3/10
  1848 | D:3      | Noticed an ogre
  1860 | D:3      | Slain by a ball python

Illustrated notes

Levels and vault maps discovered:
D:1:      minmay_arrival_doors, layout_basic,
          dreamdust_ecumenical_altar_sealed_demon
D:2:      layout_basic
D:3:      layout_loops_ring

Skill      XL: |  1  2  3 |
---------------+----------+-----
Spellcasting   | 3 |  3.6
Earth Magic    | 4 |  4.5
Dodging        | |  2.0
Stealth        | |  2.6
Transmutations | |  1.0

Action                   |  1- 3 |  4- 6 || total
-------------------------+-------+-------++-------
Melee: Unarmed           |     6 |       ||     6
       Constrict         |     3 |       ||     3
       Tentacles         |     2 |       ||     2
       Punch             |     1 |       ||     1
 Cast: Sandblast         |    46 |    21 ||    67
 Stab: Sleeping          |     2 |       ||     2
Armor: Skin              |     6 |       ||     6
Dodge: Dodged            |    22 |    16 ||    38
